 Dungeon Crawl Stone Soup version 0.28-a0-691-gad6df49e81 (webtiles) character file.

Game seed: 8931571851372704002

36 cheechan the Ducker (level 3, 0/39 HPs)
             Began as an Octopode Berserker on Oct 20, 2021.
             Was a Follower of Trog.
             Slain by a gnoll (9 damage)
             ... on level 3 of the Dungeon.
             The game lasted 00:06:24 (2102 turns).

cheechan the Ducker (Octopode Berserker)            Turns: 2102, Time: 00:06:25

Health: 0/39       AC:  1    Str: 17    XL:     3   Next: 37%
Magic:  3/3        EV: 13    Int:  9    God:    Trog [*.....]
Gold:   22         SH:  0    Dex: 11    Spells: 2/2 levels left

rFire   . . .      SeeInvis .   a - +0 hand axe
rCold   . . .      Faith    .   (no shield)
rNeg    . . .      Spirit   .   (helmet restricted)
rPois   .          Reflect  .   (no amulet)
rElec   .          Harm     .   (no ring)
rCorr   .          Rampage  .   (no ring)
Will    .....                   (no ring)
Stlth   ..........              (no ring)
HPRegen 0.13/turn               (no ring)
MPRegen 0.08/turn               (no ring)
                                (no ring)
                                (no ring)

@: berserking, very quick
A: almost no armour, amphibious, 8 rings, camouflage 1, gelatinous body 1,
(nimble swimmer 1), tentacles
a: Renounce Religion, Berserk


You were on level 3 of the Dungeon.
You worshipped Trog.
Trog was aware of your devotion.
You visited 1 branch of the dungeon, and saw 3 of its levels.

You collected 22 gold pieces.

Inventory:

Hand Weapons
 a - a +0 hand axe (weapon)
 h - a +0 quarterstaff
Missiles
 b - 22 sling bullets
 c - 5 boomerangs (quivered)
 d - 19 arrows
 f - 29 stones
Potions
 e - a potion of curing
 g - a potion of resistance {unknown}


   Skills:
 + Level 3.3 Fighting
 + Level 3.4 Axes
 + Level 3.5 Dodging
 + Level 1.3 Stealth


You had 2 spell levels left.
You didn't know any spells.
Your spell library was empty.

Dungeon Overview and Level Annotations

Branches:
Dungeon (3/15)

Altars:

Shops:
D:2 (


Innate Abilities, Weirdness & Mutations

You cannot wear most types of armour.
You are amphibious.
You can wear up to eight rings at the same time.
Your skin changes colour to match your surroundings (Stealth+).
Your rubbery body absorbs attacks. (AC +1, EV +1)
((You are camouflaged near water. (Stealth+)))
You have tentacles for arms and can constrict up to eight enemies at once.


Message History

A goblin comes into view. It is wielding a +0 club.
A bat comes into view. 2 gnolls come into view.
A gnoll is wielding a staff of earth.
A gnoll comes into view. It is wielding a +0 flail.
Found a club.
The hobgoblin misses you.
You barely miss the hobgoblin.
The gnoll shouts! x2
You grab the hobgoblin. Your squeeze misses the hobgoblin. You hit the bat.
You constrict the hobgoblin. The bat misses you.
The hobgoblin escapes!
A red film seems to cover your vision as you go berserk!
You feel yourself moving faster!
You feel mighty! The bat barely misses you.
A giant cockroach comes into view.
The hobgoblin hits you. The gnoll hits you with a +0 flail!
You hit the hobgoblin. Your grab misses the hobgoblin.
The hobgoblin is severely wounded.
You hit the gnoll. You slash the goblin!
You feel the power of Trog in you as your rage grows.
You kill the goblin!
Trog accepts your kill. The bat completely misses you.
The gnoll hits you from afar with a +0 spear.
You slash the bat!
You kill the bat!
Trog accepts your kill.
You hit the hobgoblin.
You kill the hobgoblin!
Trog accepts your kill.
You closely miss the gnoll. The gnoll closely misses you.
The gnoll hits you from afar with a +0 spear.
* * * LOW HITPOINT WARNING * * *
A necrophage comes into view.
The gnoll barely misses you.
Things that are here:
a +0 club; a bat corpse You barely miss the gnoll.
You grab the gnoll. You barely miss the gnoll. You hit the gnoll.
You constrict the gnoll, but do no damage.
The gnoll closely misses you.
The gnoll hits you with a staff of earth!
You die...

.# #.#.#
.########.#.######
..................
..................
.########.#.############
.########.#.#.........n.
............#...........
..#######.###..†g.......
............'...@g.B....
..........###...#g......
................#g......
...#########.###.......
.. #.# ...)... . #.#
....... ... ....... ...
.......


You could see a necrophage, 4 gnolls and a giant cockroach.

Vanquished Creatures
  A dart slug (D:2)
  An endoplasm (D:1)
  2 giant cockroaches (D:2)
  3 goblins
  3 hobgoblins
  3 kobolds (D:2)
  5 quokkas
  A ball python (D:1)
  3 bats
  3 frilled lizards
  8 rats
33 creatures vanquished.

Notes
Turn   | Place    | Note
-------+----------+-------------------------------------------
     0 | D:1      | cheechan the Octopode Berserker began the quest for the
                  | Orb.
     0 | D:1      | Reached XP level 1. HP: 16/16 MP: 1/1
     1 | D:1      | Noticed an electric eel
   406 | D:1      | Reached XP level 2. HP: 21/21 MP: 2/2
  1331 | D:2      | Found Afyg's Antique Weapon Emporium.
  1385 | D:2      | Reached skill level 1 in Stealth
  1385 | D:2      | Reached XP level 3. HP: 25/26 MP: 3/3
  2101 | D:3      | Noticed a necrophage
  2102 | D:3      | Slain by a gnoll

Illustrated notes

Levels and vault maps discovered:
D:1:      arrival_aquarium_a, layout_loops_corners, corexii_leaking_fountain
D:2:      layout_basic, serial_shops, shop, hangedman_decor_growths,
          minivault_19
D:3:      layout_basic, chequers_ecumenical_altar_simple_redux

Skill      XL: |  1  2 |
---------------+-------+-----
Stealth        | 1 |  1.3
Fighting       | |  3.3
Axes           | |  3.4
Dodging        | |  3.5

Action                   || total
-------------------------++-------
Melee: Hand axe          ||    70
       Constrict         ||    19
       Tentacles         ||     9
Invok: Berserk           ||     1
  Use: Scroll            ||     5
 Stab: Sleeping          ||     5
Armor: Skin              ||     4
Dodge: Dodged            ||    62

Table legend: (Time is in decaauts)
 A = Elapsed time spent in this place.
 B = Non-inter-level travel time spent in this place.
 C = Inter-level travel time spent in this place.
 D = Time resting spent in this place.
 E = Time spent auto-exploring this place.
 F = Levels seen in this place.
 G = Mean time per level.
                   A        B        C        D        E       F      G
               +--------+--------+--------+--------+--------+-----+--------+
         Total |   2111 |   2111 |      0 |    228 |      0 |   3 |  703.7 |
       Dungeon |   2111 |   2111 |      0 |    228 |      0 |   3 |  703.7 |
               +--------+--------+--------+--------+--------+-----+--------+

Top non-repeatable levels by time:
     D:1: 1034 daAuts
     D:2: 1030 daAuts
     D:3: 46 daAuts
